 Dungeon Crawl Stone Soup version 0.21.1-1-g345015f (webtiles) character file.

123 spiff the Ducker (level 5, -1/39 HPs)
             Began as a Human Artificer on July 6, 2018.
             Slain by an orc wizard
             ... wielding a +0 dagger
              (2 damage)
             ... on level 3 of the Dungeon.
             The game lasted 00:04:54 (2413 turns).

spiff the Ducker (Human Artificer)                  Turns: 2413, Time: 00:04:55

Health: -1/39      AC:  3    Str: 13    XL:     5   Next: 29%
Magic:  7/7        EV: 13    Int: 12    God:
Gold:   67         SH:  0    Dex: 13    Spells: 4/4 levels left

rFire    . . .     SeeInvis .   m - +0 hand axe (elec)
rCold    . . .     Gourm    .   (no shield)
rNeg     . . .     Faith    .   b - +0 leather armour
rPois    .         Spirit   .   (no helmet)
rElec    .         Reflect  .   (no cloak)
rCorr    .         Harm     .   (no gloves)
MR       +....                  (no boots)
Stlth    +.........             (no amulet)
HPRegen  0.13/turn              i - ring of protection from magic
MPRegen  0.10/turn              (no ring)

@: no status effects
A: no striking features
a: no special abilities


You were on level 3 of the Dungeon.
You were not hungry.

You visited 1 branch of the dungeon, and saw 4 of its levels.

You collected 67 gold pieces.

Inventory:

Hand Weapons
 a - a +0 short sword
 m - a +0 hand axe of electrocution (weapon)
Armour
 b - a +0 leather armour (worn)
Jewellery
 i - a ring of protection from magic (left hand)
Wands
 c - a wand of flame (2)
 d - a wand of enslavement (11)
 e - a wand of random effects (15)
Scrolls
 h - 4 scrolls of identify {unknown}
 k - a scroll of blinking {unknown}
Potions
 j - 2 potions of invisibility {unknown}
 l - a potion of heal wounds {unknown}
Comestibles
 f - 2 rations
 g - 2 chunks of flesh


   Skills:
 + Level 2.7 Fighting
 + Level 2.7 Short Blades
 + Level 3.3 Dodging
 - Level 1.0 Stealth
 - Level 3.0 Evocations


You had 4 spell levels left.
You didn't know any spells.

Dungeon Overview and Level Annotations

Branches:
Dungeon (4/15)
 Temple: D:4-7

Altars:
Cheibriados


Message History

You barely miss something.
Something hits you but does no damage. x2
You closely miss something. Something hits you but does no damage.
You hear some strange, mumbled words.
A magic dart appears from out of thin air!
The magic dart hits you!
You barely miss something. Something completely misses you. Something hits you.
* * * LOW HITPOINT WARNING * * *
You miss something. Something hits you.
* * * LOW HITPOINT WARNING * * *
Something hits you but does no damage.
You barely miss something. Something barely misses you.
Something hits you but does no damage.
You barely miss something. Something hits you but does no damage.
You hear some strange, mumbled words.
A puff of flame appears from out of thin air!
The puff of flame hits you!
* * * LOW HITPOINT WARNING * * *
You barely miss something.
Something hits you but does no damage. x2
You closely miss something. Something hits you.
You die...

#........##.# ..
######.####)# #'#
### #.# #.. #..
..# #.# ### ###
#..######.# #.#
....#..#...##.#
#.#
........)..##.#
#.#
#...........####.#
#....>@{..)).....#
#.#.........######
##........#
###...#### #####


There were no monsters in sight!

Vanquished Creatures
  A hound (D:2)
  An orc wizard (D:3)
  4 dart slugs
  2 leopard geckos
  4 orcs (D:3)
  A giant cockroach (D:1)
  8 goblins
  6 hobgoblins
  2 jackals (D:2)
  A ball python (D:2)
  6 bats
  4 frilled lizards
  5 kobolds
  6 rats (D:1)
51 creatures vanquished.

Vanquished Creatures (collateral kills)
  An orc (D:3)
1 creature vanquished.

Vanquished Creatures (others)
  3 orcs (D:3)
3 creatures vanquished.

Grand Total: 55 creatures vanquished

Notes
Turn   | Place    | Note
-------+----------+-------------------------------------------
     0 | D:1      | spiff the Human Artificer began the quest for the Orb.
     0 | D:1      | Reached XP level 1. HP: 15/15 MP: 3/3
   372 | D:1      | Reached XP level 2. HP: 16/21 MP: 4/4
   752 | D:1      | Reached XP level 3. HP: 26/26 MP: 5/5
  1697 | D:2      | Reached XP level 4. HP: 20/33 MP: 6/6
  1938 | D:2      | Found a snail-covered altar of Cheibriados.
  1947 | D:2      | You fall through a shaft!
  2047 | D:3      | Reached XP level 5. HP: 12/39 MP: 7/7
  2411 | D:3      | HP: 1/39 [something/puff of flame (9)]
  2413 | D:3      | Slain by an orc wizard

Skill      XL: |  1  2  3 |
---------------+----------+-----
Short Blades   | 2 |  2.7
Fighting       | 2 |  2.7
Dodging        | 3 |  3.3
Stealth        | |  1.0
Evocations     | |  3.0

Action                   |  1- 3 |  4- 6 || total
-------------------------+-------+-------++-------
Melee: Short sword       |    86 |    39 ||   125
       Hand axe          |       |    36 ||    36
Evoke: Wand              |     8 |     9 ||    17
 Stab: Sleeping          |     3 |       ||     3
  Eat: Chunk             |     2 |     3 ||     5
Armor: Leather armour    |    15 |    18 ||    33
Dodge: Dodged            |    46 |    43 ||    89
